 Dungeon Crawl Stone Soup version 0.27.0-1-g7a089689b8 (webtiles) character file.

Game seed: 11411555698164954214

4715 GordonOverkill the Fighter (level 10, -8/53 HPs)
             Began as a Felid Necromancer on Aug 4, 2021.
             Was an Elder of Vehumet.
             Killed from afar by a wretched star (28 damage)
             ... with a lance of force
             ... on level 2 of the Abyss.
             The game lasted 00:59:55 (26617 turns).

GordonOverkill the Fighter (Felid Necromancer)     Turns: 26617, Time: 00:59:56

Health: -8/53      AC:  2    Str:  4    XL:     10   Next: 22%
Magic:  12/24      EV: 17    Int: 20    God:    Vehumet [****..]
Gold:   719        SH:  0    Dex: 17    Spells: 0/27 levels left
                                        Lives:  0   Deaths: 3

rFire    + . .     SeeInvis +   (weapon unavailable)
rCold    . . .     Faith    +   (shield unavailable)
rNeg     . . .     Spirit   .   (armour unavailable)
rPois    +         Reflect  .   (helmet unavailable)
rElec    .         Harm     .   (cloak unavailable)
rCorr    .         Rampage  .   (gloves unavailable)
Will     +....                  (boots unavailable)
Stlth    ++........             a - amulet of faith
HPRegen  0.17/turn              c - ring of protection from fire
MPRegen  0.19/turn              b - ring of poison resistance

@: quick
A: very small, claws 1, fangs 3, see invisible, speed 1, shaggy fur 2, stealthy
paws, no weapons or thrown items, no armour, multi-lived, deterioration 1,
robust 1
a: Renounce Religion


You were on level 2 of the Abyss.
You worshipped Vehumet.
Vehumet was greatly pleased with you.
You visited 4 branches of the dungeon, and saw 14 of its levels.
You visited the Abyss 1 time.
You also visited: Ossuary.

You collected 1031 gold pieces.
You spent 312 gold pieces at shops.

Inventory:

Jewellery
 a - an amulet of faith (around neck)
 b - a ring of poison resistance (right paw)
 c - a ring of protection from fire (left paw)
 e - an amulet of magic regeneration
 j - a ring of resist corrosion
 k - a ring of ice
Scrolls
 i - 2 scrolls of fog
 m - 6 scrolls of teleportation
 p - 2 scrolls of magic mapping
 t - a scroll of immolation
 u - a scroll of holy word
 v - a scroll of vulnerability
 x - 2 scrolls of identify
 A - a scroll of amnesia
Potions
 f - a potion of ambrosia
 g - 7 potions of curing
 h - a potion of invisibility
 n - 3 potions of mutation
 q - 2 potions of lignification
 s - a potion of brilliance
 w - a potion of resistance


   Skills:
 + Level 9.5 Fighting
 - Level 2.6 Dodging
 - Level 2.6 Stealth
 + Level 9.2 Spellcasting
 + Level 3.3 Conjurations
 - Level 7.0 Necromancy
 + Level 1.4 Transmutations
 + Level 7.6 Ice Magic
 - Level 1.0 Air Magic
 - Level 1.0 Poison Magic
 - Level 5.0 Evocations


You couldn't memorise any spells.
You knew the following spells:

 Your Spells              Type           Power      Damage    Failure   Level
a - Pain                  Necr           100%       1d9       1%          1
b - Vampiric Draining     Necr           18%        2d8       1%          3
c - Dispel Undead         Necr           37%        3d15      4%          4
d - Frozen Ramparts       Ice            78%        1d9       1%          3
e - Hailstorm             Conj/Ice       31%        3d8       2%          4
f - Mephitic Cloud        Conj/Pois/Air  16%        N/A       3%          3
g - Blink                 Tloc           N/A        N/A       12%         2
h - Passwall              Tmut/Erth      10%        N/A       9%          2
i - Irradiate             Conj/Tmut      9%         3d16      21%         5

Your spell library contained the following spells:

 Spells                   Type           Power      Damage    Failure   Level
 Animate Skeleton         Necr           74%        N/A       1%          1
 Freeze                   Ice            100%       1d11      1%          1
 Magic Dart               Conj           88%        1d7       1%          1
 Sandblast                Erth           18%        2d7       2%          1
 Corpse Rot               Necr/Air       N/A        N/A       2%          2
 Poisonous Vapours        Pois/Air       26%        N/A       2%          2
 Sting                    Tmut/Pois      56%        1d5       4%          1
 Animate Dead             Necr           18%        N/A       4%          4
 Call Imp                 Summ           9%         N/A       12%         2
 Agony                    Necr           37%        N/A       12%         5
 Airstrike                Air            6%         N/A       13%         4
 Olgreb's Toxic Radiance  Pois           13%        N/A       13%         4
 Lesser Beckoning         Tloc           4%         N/A       22%         3
 Lightning Bolt           Conj/Air       8%         1d21      22%         5
 Lee's Rapid Deconstruct  Erth           4%         3d6*      45%         5
 Summon Lightning Spire   Summ/Air       11%        N/A       52%         4
 Death Channel            Necr           18%        N/A       54%         6
 Passage of Golubria      Tloc           N/A        N/A       58%         4
 Silence                  Hex/Air        5%         N/A       86%         5
 Manifold Assault         Tloc           9%         N/A       91%         5
 Lehudib's Crystal Spear  Conj/Erth      7%         10d3      100%        8


Dungeon Overview and Level Annotations

Branches:
Dungeon (11/15)            Temple (1/1) D:6            Lair (1/6) D:8
    Orc (1/2) D:9         Ossuary (visited)

Altars:
Ashenzari
Cheibriados
Dithmenos
Elyvilon
Fedhas
Gozag
Hepliaklqana
Kikubaaqudgha
Makhleb
Nemelex Xobeh
Okawaru
Qazlal
Ru
Sif Muna
Trog
Uskayaw
Vehumet
Wu Jian
Xom
Yredelemnul
Zin
The Shining One

Shops:
D:1 *   D:10 (?:(*

Annotations:
D:4 2 transporters
Orc:1 Erolcha


Innate Abilities, Weirdness & Mutations

You have sharp claws.
You have razor-sharp teeth.
You have supernaturally acute eyesight. (SInv)
You cover ground quickly. (Speed+)
You are covered in thick fur. (AC +2)
Your paws help you pounce on unaware monsters.
You are incapable of wielding weapons or throwing items.
You cannot wear armour.
You gain extra lives every three experience levels.
Your body sometimes deteriorates upon taking damage.
You are robust. (+10% HP)


Message History

Magic restored.
You start resting.
HP restored. 2 large abominations come into view.
A wretched star comes into view.
Casting: Dispel Undead (dangerous; 4% risk of failure)
Confirm with . or Enter, or press ? or * to list all spells.
Casting: Hailstorm (dangerous; 2% risk of failure)
Press: ? - help, Dir - look around, f - activate A cannonade of hail descends around you!
The hail pelts the wretched star.
The wretched star partially resists.
The wretched star is lightly damaged.
Casting: Hailstorm (dangerous; 2% risk of failure)
Confirm with . or Enter, or press ? or * to list all spells.
Casting: Hailstorm (dangerous; 2% risk of failure)
Press: ? - help, Dir - look around, f - activate A cannonade of hail descends around you!
The hail pelts the wretched star!
The wretched star partially resists.
The wretched star is moderately damaged.
The wretched star glows turbulently.
The lance of force hits you!
You are knocked back by the lance of force.
You slam into the stone wall!
* * * LOW HITPOINT WARNING * * *
Casting: Hailstorm (dangerous; 2% risk of failure)
Confirm with . or Enter, or press ? or * to list all spells.
Casting: Hailstorm (dangerous; 2% risk of failure)
Press: ? - help, Dir - look around, f - activate A cannonade of hail descends around you!
The hail pelts the wretched star.
The wretched star partially resists.
The wretched star is moderately damaged.
Casting: Hailstorm (dangerous; 2% risk of failure)
Confirm with . or Enter, or press ? or * to list all spells.
You can't see any susceptible monsters within range! (Use Z to cast anyway.) Unknown command.
Unknown command.
The wretched star glows turbulently.
The lance of force hits you!!
Ouch! That really hurt!
You die...

. .. ................ ..
................ ...
#......##......# .
...##......##......##..
..X.....................
...............*........
. .X...................
# ##...#.###..#.#..
#.###.## #@.# # #.# #.#
#.### #.# ..#..#
#########


You could see a wretched star.

Vanquished Creatures
  2 two-headed ogres
  A black mamba (Lair:1)
  A shadow wraith (Abyss:2)
  A centaur zombie (D:6)
  A blink frog (Lair:1)
  2 wraiths (D:9)
  A vampire (D:10)
  8 yaks
  Menkaure (D:6)
  2 wargs (Orc:1)
  2 water moccasins
  2 small abominations (Abyss:2)
  12 orc warriors
  2 necrophages
  2 ogres
  2 wolves (Lair:1)
  4 centaurs
  A kobold brigand (D:7)
  2 gnoll sergeants
  3 scorpions
  6 bullfrogs
  2 water moccasin zombies (D:6)
  17 killer bees
  3 electric eels (D:9)
  A centaur skeleton (D:7)
  15 orc priests
  2 hounds
  2 gnoll shamans
  Terence (D:3)
  Jessica (D:3)
  Ijyb (D:5)
  5 iguanas
  18 orc wizards
  4 mummies (Ossuary)
  A hound skeleton (D:4)
  A howler monkey zombie (D:7)
  19 gnolls
  7 adders
  3 shadow imps
  2 white imps
  An ufetubus (D:4)
  An adder skeleton (D:4)
  4 worms
  2 dart slugs
  51 orcs
  7 ball pythons
  8 bats
  5 endoplasms
  7 giant cockroaches
  5 gnoll zombies (Ossuary)
  5 goblins
  8 hobgoblins
  7 jackals
  16 kobolds
  4 quokkas
  6 frilled lizards
  A gnoll skeleton (Ossuary)
  5 goblin skeletons (Ossuary)
  3 goblin zombies (Ossuary)
  7 hobgoblin skeletons (Ossuary)
  3 hobgoblin zombies (Ossuary)
  3 kobold skeletons (Ossuary)
  4 kobold zombies (Ossuary)
  4 orc skeletons (Ossuary)
  4 orc zombies (Ossuary)
  7 rats
  5 rat skeletons (Ossuary)
  6 rat zombies (Ossuary)
352 creatures vanquished.

Vanquished Creatures (collateral kills)
  A hydra (Lair:1)
1 creature vanquished.

Vanquished Creatures (others)
  A bullfrog (D:8)
  A jackal (D:2)
  A rat (D:2)
  6 fungi
  21 plants
  2 starspawn tentacles (Abyss:2)
32 creatures vanquished.

Grand Total: 385 creatures vanquished

Notes
Turn   | Place    | Note
-------+----------+-------------------------------------------
     0 | D:1      | GordonOverkill the Felid Necromancer began the quest for
                  | the Orb.
     0 | D:1      | Reached XP level 1. HP: 7/7 MP: 4/4
   699 | D:1      | Reached skill level 1 in Fighting
   701 | D:1      | Reached XP level 2. HP: 6/12 MP: 0/6
  1752 | D:1      | Found Futampul's General Store.
  1803 | D:1      | Reached XP level 3. HP: 15/16 MP: 6/8
  1820 | D:1      | Learned a level 3 spell: Vampiric Draining
  2377 | D:2      | Found a snail-covered altar of Cheibriados.
  3847 | D:2      | Reached XP level 4. HP: 16/19 MP: 4/9
  3856 | D:2      | Learned a level 4 spell: Dispel Undead
  3920 | D:2      | Found a faded altar of an unknown god.
  4018 | D:2      | Killed from afar by an orc priest
  4019 | D:2      | Reached XP level 3. HP: -2/16 MP: 5/8
  4050 | D:2      | Found a snail-covered altar of Cheibriados.
  4177 | D:2      | Found a faded altar of an unknown god.
  4633 | D:3      | Reached XP level 4. HP: 11/20 MP: 3/10
  4787 | D:3      | Noticed Terence
  4798 | D:3      | Killed Terence
  4928 | D:3      | Reached XP level 5. HP: 4/24 MP: 5/11
  5921 | D:3      | Noticed Jessica
  5924 | D:3      | Killed Jessica
  6257 | D:4      | Noticed a phantom
  6295 | D:4      | Reached skill level 5 in Necromancy
  6497 | D:4      | Noticed an ogre
  6509 | D:4      | Killed an ogre
  6510 | D:4      | Gained mutation: You are covered in thick fur. (AC +2)
                  | [Felid growth]
  6510 | D:4      | Reached XP level 6. HP: 21/28 MP: 7/13
  7264 | D:4      | Found a transporter.
  7268 | D:4      | Noticed a fire bat
  7268 | D:4      | Noticed a fire bat
  7437 | D:4      | Reached XP level 7. HP: 33/33 MP: 4/14
  7891 | D:4      | Found a transporter.
  8152 | D:5      | Entered Level 5 of the Dungeon
  8553 | D:5      | Noticed Ijyb
  8563 | D:5      | Killed Ijyb
  8564 | D:5      | Reached skill level 5 in Spellcasting
  8920 | D:4      | Reached skill level 5 in Fighting
  8920 | D:4      | Reached skill level 1 in Evocations
  9302 | D:5      | Reached XP level 8. HP: 33/37 MP: 11/17
 10224 | D:6      | Gained mutation: You are robust. (+10% HP) [potion of
                  | mutation]
 10224 | D:6      | Gained mutation: Your body sometimes deteriorates upon
                  | taking damage. [potion of mutation]
 10452 | D:6      | Found a sand-covered staircase.
 10459 | Ossuary  | Entered an ossuary
 14554 | D:1      | Bought a book of Frost for 286 gold pieces
 14554 | D:1      | Bought a scroll of identify for 26 gold pieces
 14562 | D:1      | Learned a level 3 spell: Frozen Ramparts
 14567 | D:1      | Learned a level 4 spell: Hailstorm
 14749 | D:6      | Found a staircase to the Ecumenical Temple.
 14755 | Temple   | Entered the Ecumenical Temple
 14915 | Temple   | Became a worshipper of Vehumet
 14984 | D:6      | Reached skill level 1 in Ice Magic
 15122 | D:6      | Noticed Menkaure
 15258 | D:6      | Killed Menkaure
 15259 | D:6      | Reached skill level 1 in Conjurations
 15259 | D:6      | Reached XP level 9. HP: 46/46 MP: 14/19
 15604 | D:6      | Found a hazy altar of Hepliaklqana.
 16007 | D:7      | Reached * piety under Vehumet
 16007 | D:7      | Offered knowledge of Magic Dart by Vehumet.
 16166 | D:7      | Learned a level 3 spell: Mephitic Cloud
 16837 | D:7      | Reached skill level 1 in Air Magic
 16908 | D:6      | Reached skill level 1 in Poison Magic
 17545 | D:8      | Found a glowing silver altar of Zin.
 17545 | D:8      | Noticed an angel
 17548 | D:8      | Found a shimmering altar of Xom.
 18021 | D:8      | Found an ornate altar of the Wu Jian Council.
 18367 | D:8      | Found a staircase to the Lair.
 18525 | D:8      | Reached skill level 5 in Ice Magic
 18532 | D:8      | Offered knowledge of Searing Ray by Vehumet.
 18532 | D:8      | Reached ** piety under Vehumet
 18761 | D:9      | Reached XP level 10. HP: 51/51 MP: 14/21
 19728 | D:9      | Noticed a two-headed ogre
 19732 | D:9      | Slain by a two-headed ogre
 19733 | D:9      | Reached XP level 9. HP: 0/47 MP: 15/20
 20096 | D:8      | Found a glowing silver altar of Zin.
 20096 | D:8      | Found a shimmering altar of Xom.
 20282 | D:8      | Identified the +7 great mace of Natas {freeze, rElec Str-2
                  | Int+10 Dex-5}
 20454 | D:8      | Found an ornate altar of the Wu Jian Council.
 20504 | D:8      | Found a staircase to the Lair.
 20686 | D:9      | Reached skill level 5 in Evocations
 20963 | D:9      | Offered knowledge of Ignite Poison by Vehumet.
 21176 | D:9      | Killed a two-headed ogre
 21337 | D:9      | Found a staircase to the Orcish Mines.
 21786 | D:10     | Entered Level 10 of the Dungeon
 22088 | D:10     | Found Otwualez's Weapon Shoppe.
 22244 | D:10     | Found a stormy altar of Qazlal.
 22248 | D:10     | Reached *** piety under Vehumet
 22249 | D:10     | Reached XP level 10. HP: 28/52 MP: 15/23
 22405 | D:10     | Found Plog's Magic Scroll Emporium.
 22456 | D:10     | Found Ziaxtif's Weapon Emporium.
 22589 | D:10     | Found Milidaz's Book Shoppe.
 22609 | D:10     | Found Pes Zuj's General Store.
 22859 | D:10     | Found a broken altar of Ashenzari.
 22951 | D:10     | Offered knowledge of Fulminant Prism by Vehumet.
 23073 | D:10     | Found an opulent altar of Gozag.
 23147 | D:11     | Noticed a centaur warrior
 23237 | Lair:1   | Entered Level 1 of the Lair of Beasts
 23328 | Lair:1   | Noticed a four-headed hydra
 23427 | Lair:1   | Noticed a four-headed hydra
 23515 | Lair:1   | Noticed a black mamba
 23581 | Lair:1   | Killed a four-headed hydra
 23758 | Lair:1   | Killed a black mamba
 24569 | D:8      | Learned a level 2 spell: Blink
 24572 | D:8      | Learned a level 2 spell: Passwall
 24680 | Orc:1    | Entered Level 1 of the Orcish Mines
 24793 | Orc:1    | Reached **** piety under Vehumet
 24826 | Orc:1    | Noticed a two-headed ogre
 24850 | Orc:1    | Killed a two-headed ogre
 25289 | Orc:1    | Offered knowledge of Irradiate by Vehumet.
 25303 | Orc:1    | Learned a level 5 spell: Irradiate
 25402 | Orc:1    | Reached XP level 11. HP: 52/58 MP: 14/25
 25612 | Orc:1    | Noticed Erolcha
 25615 | Orc:1    | Cast into level 2 of the Abyss (Erolcha)
 25643 | Abyss:2  | Noticed a thrashing horror
 25645 | Abyss:2  | Noticed a profane servitor
 25675 | Abyss:2  | Slain by a profane servitor
 25676 | Abyss:2  | Reached XP level 10. HP: -3/51 MP: 21/24
 26348 | Abyss:2  | Noticed a tentacled starspawn
 26350 | Abyss:2  | Noticed a guardian serpent
 26425 | Abyss:2  | Noticed a starcursed mass
 26527 | Abyss:2  | Noticed a shadow wraith
 26535 | Abyss:2  | Killed a shadow wraith
 26536 | Abyss:2  | Reached skill level 1 in Transmutations
 26571 | Abyss:2  | Noticed a sixfirhy
 26605 | Abyss:2  | Noticed a large abomination
 26611 | Abyss:2  | Noticed a wretched star
 26617 | Abyss:2  | Killed from afar by a wretched star

Illustrated notes

Levels and vault maps discovered:
D:1:      dpeg_arrival_simpleton_b, layout_basic, serial_shops, shop,
          corexii_leaking_fountain, serial_bayou_pond_e, minmay_three_crescents
D:2:      layout_loops_cross, shapermc_ecumenical_altar_mp_ritualfount,
          basic_altar, lemuel_old_faithful
D:3:      layout_basic, amcnicky_mini_rare_corridor_liquid, uniq_jessica,
          uniq_terence
D:4:      gammafunk_cloud_chamber, layout_loops_ring, portal_sewer_entry_b
D:5:      layout_basic, uniq_ijyb
D:6:      layout_basic, mainiacjoe_overflow_tiny_flanked,
          minmay_temple_entry_hall, chequers_ossuary_entry_cave, uniq_menkaure
D:7:      layout_loops_ring
D:8:      layout_basic, grunt_temple_overflow_order_and_chaos_1,
          nzn_wu_jian_contemplation, grunt_lair_entry_orc_guard_hut
D:9:      layout_roguey, erik_orc_2, serial_bayou, serial_bayou_pond_d,
          serial_bayou_pond_a, serial_bayou_pond_e, serial_bayou_shore_b
D:10:     layout_roguey, old_standard_altar, nicolae_overflow_crystal_walls,
          mainiacjoe_overflow_alcove_4, serial_shops, shop, shop,
          nicolae_lakefront_shop, nicolae_square_shop, nicolae_stop_n_shop_2
D:11:     layout_cave_pools, kennysheep_another_room
Temple:   regret_index_temple_waves
Lair:1:   layout_regular_city, grunt_forest_stairs_basic,
          minmay_lair_oklob_chamber, grunt_megastairs_3
Orc:1:    layout_diamond_mine, uniq_erolcha
Abyss:2:  base: D:3, hangedman_abyss_mock_shop, hangedman_abyss_theft

Skill      XL: |  1  2  3  4  5  6  7  8  9 10 |
---------------+-------------------------------+-----
Fighting       | 1 2 3 4 5 6 8 9 |  9.5
Spellcasting   | 3 4 5 6 8 9 |  9.2
Necromancy     | 5 6 7 |  7.0
Evocations     | 2 4 5 |  5.0
Ice Magic      | 1 5 7 |  7.6
Conjurations   | 1 3 |  3.3
Air Magic      | 1 |  1.0
Poison Magic   | 1 |  1.0
Transmutations | 1 |  1.4
Dodging        | |  2.6
Stealth        | |  2.6

Action                   |  1- 3 |  4- 6 |  7- 9 | 10-12 || total
-------------------------+-------+-------+-------+-------++-------
Melee: Unarmed           |     3 |       |    62 |     6 ||    71
       Bite              |       |       |     8 |       ||     8
 Cast: Pain              |   122 |    99 |   232 |   111 ||   564
       Vampiric Draining |       |     4 |    72 |    41 ||   117
       Dispel Undead     |       |     3 |    81 |     5 ||    89
       Frozen Ramparts   |       |       |    27 |    26 ||    53
       Hailstorm         |       |       |       |    20 ||    20
       Irradiate         |       |       |       |     1 ||     1
       Blink             |       |       |       |     2 ||     2
Evoke: Wand              |       |       |     8 |     6 ||    14
  Use: Scroll            |       |     5 |    11 |     8 ||    24
       Potion            |       |       |     6 |     4 ||    10
 Stab: Sleeping          |     1 |       |       |       ||     1
Armor: Skin              |     1 |     2 |    20 |     9 ||    32
Dodge: Dodged            |    10 |    22 |   158 |    69 ||   259
